 Dungeon Crawl Stone Soup version 0.29-a0-322-g68df515428 (webtiles) character file.

Game seed: 3696304770395350337

443 bande the Chopper (level 7, -2/44 HPs)
             Began as a Gargoyle Fighter on Apr 10, 2022.
             Slain by a wight
             ... wielding a +3 short sword
              (6 damage)
             ... on level 3 of the Dungeon.
             The game lasted 00:05:41 (2943 turns).

bande the Chopper (Gargoyle Fighter)                Turns: 2943, Time: 00:05:42

Health: -2/44      AC: 16    Str: 19    XL:     7   Next: 2%
Magic:  7/7        EV:  9    Int:  9    God:
Gold:   157        SH:  4    Dex: 11    Spells: 6/6 levels left

rFire   . . .      SeeInvis .   a - +1 war axe
rCold   + . .      Faith    .   c - +0 buckler
rNeg    + . .      Spirit   .   b - +0 scale mail
rPois   ∞          Reflect  .   (no helmet)
rElec   +          Harm     .   h - +0 cloak
rCorr   .          Rampage  .   g - +2 pair of gloves
Will    .....                   (no boots)
Stlth   ..........              j - amulet of regeneration
HPRegen 0.94/turn               e - ring of protection from cold
MPRegen 0.10/turn               (no ring)

@: no status effects
A: sickness immunity, AC +4, negative energy resistance 1, electricity
resistance, torment resistance 1, petrification resistance
a: no special abilities


You were on level 3 of the Dungeon.
You visited 1 branch of the dungeon, and saw 4 of its levels.

You collected 157 gold pieces.

Inventory:

Hand Weapons
 a - a +1 war axe (weapon)
 m - a +0 flail
Armour
 b - a +0 scale mail (worn)
 c - a +0 buckler (worn)
 g - a +2 pair of gloves (worn)
 h - a +0 cloak (worn)
Jewellery
 e - a ring of protection from cold (left hand)
 j - an amulet of regeneration (around neck)
 p - an amulet of reflection
Wands
 q - a wand of flame (14)
Scrolls
 o - a scroll of teleportation
 r - a scroll of enchant armour
Potions
 d - a potion of might
 f - a potion of resistance {unknown}
 i - 2 potions of brilliance
 k - a potion of cancellation
 l - 2 potions of flight
 n - a potion of lignification {unknown}


   Skills:
 + Level 4.3 Fighting
 + Level 5.1 Axes
 + Level 4.7 Armour
 + Level 4.0 Shields


You had 6 spell levels left.
You didn't know any spells.
Your spell library contained the following spells:

 Spells                   Type           Power      Damage    Failure   Level
 Summon Small Mammal      Summ           0%         N/A       83%         1
 Call Canine Familiar     Summ           0%         N/A       99%         3
 Stone Arrow              Conj/Erth      0%         3d7       99%         3
 Summon Guardian Golem    Hex/Summ       0%         N/A       99%         3
 Animate Armour           Summ/Erth      0%         N/A       100%        4
 Lehudib's Crystal Spear  Conj/Erth      0%         10d2      100%        8


Dungeon Overview and Level Annotations

Branches:
Dungeon (4/15)
 Temple: D:4-7

Altars:


Innate Abilities, Weirdness & Mutations

You are immune to sickness and miasma.
Your stone body is resilient. (AC +4)
You are immune to poison.
You resist negative energy. (rN+)
You are resistant to electric shocks. (rElec)
You are resistant to unholy torment.
You are immune to petrification.


Message History

You barely miss the kobold.
The kobold is severely wounded.
The kobold barely misses you.
You barely miss the kobold.
The kobold is severely wounded.
The kobold closely misses you.
You slash the kobold!
You kill the kobold!
No target in view!
You climb downwards.
The wight hits you with a +5 long sword!
The wight hits you with a +3 short sword!
There is a stone staircase leading up here.
The wight hits you with a +5 long sword!
* * * LOW HITPOINT WARNING * * *
The wight barely misses you.
You climb upwards.
There is a stone staircase leading down here.
You are too injured to fight recklessly!
You are too injured to fight recklessly!
You barely miss the wight. You hit the wight.
The wight hits you but does no damage.
The wight hits you with a +5 long sword!
* * * LOW HITPOINT WARNING * * *
The wight barely misses you. You block the wight's attack.
You hit the wight but do no damage. You hit the wight.
The wight closely misses you. x2
You barely miss the wight. You slash the wight!
You destroy the wight!
The wight hits you but does no damage.
Your Axes skill increases to level 5!
You have reached level 7!
Okay, then.
You hit the wight but do no damage.
The wight hits you with a +3 short sword.
* * * LOW HITPOINT WARNING * * *
You hit the wight.
The wight is moderately damaged.
The wight hits you with a +3 short sword.
You die...

######.## #.......##
#.##.#.#.########
#####.#.##..........####
..............##.......#
.####.#.....#.##.##.##.#
.# #.#....##.##.##.##.#
.# #......##.##.##.##.#
.######.).###.##@##.##.#
.>......#####.##z).....#
..#####.......#####.####
..#####.......# #.#
.....##.......# #.#
#.##.##.......# #.#
#.##.##.......# #.#
..............# ##.##
..##.##.......# #...#


You could see a wight.

Vanquished Creatures
  A sky beast (D:4)
  An ogre (D:4)
  A wight (D:3)
  An orc priest (D:4)
  Natasha (D:2)
  An orc wizard (D:3)
  3 gnolls (D:2)
  4 adders
  A worm (D:3)
  2 dart slugs
  5 orcs
  6 ball pythons
  4 endoplasms
  2 giant cockroaches
  6 goblins
  6 hobgoblins
  7 jackals (D:2)
  7 kobolds
  A quokka (D:1)
  2 bats
  3 frilled lizards
  4 rats
69 creatures vanquished.

Vanquished Creatures (others)
  3 fungi (D:4)
  5 plants (D:3)
8 creatures vanquished.

Grand Total: 77 creatures vanquished

Notes
Turn   | Place    | Note
-------+----------+-------------------------------------------
     0 | D:1      | bande the Gargoyle Fighter began the quest for the Orb.
     0 | D:1      | Reached XP level 1. HP: 14/14 MP: 1/1
   298 | D:1      | Reached XP level 2. HP: 19/19 MP: 2/2
   620 | D:1      | Reached skill level 2 in Axes
  1055 | D:2      | Reached XP level 3. HP: 24/24 MP: 3/3
  1265 | D:2      | Found a faded altar of an unknown god.
  1277 | D:2      | Noticed Natasha
  1283 | D:2      | Killed Natasha
  1284 | D:2      | Reached XP level 4. HP: 29/29 MP: 4/4
  1601 | D:2      | Reached skill level 3 in Axes
  1853 | D:3      | Reached XP level 5. HP: 33/33 MP: 5/5
  2277 | D:4      | Noticed an ogre
  2286 | D:4      | Killed an ogre
  2287 | D:4      | Reached skill level 4 in Axes
  2287 | D:4      | Reached XP level 6. HP: 16/38 MP: 6/6
  2881 | D:4      | Noticed a sky beast
  2905 | D:4      | Killed a sky beast
  2942 | D:3      | Reached skill level 5 in Axes
  2942 | D:3      | Reached XP level 7. HP: 7/44 MP: 7/7
  2943 | D:3      | Slain by a wight

Illustrated notes

Levels and vault maps discovered:
D:1:      eino_arrival_tree_alley, layout_loops_corners
D:2:      layout_basic, shapermc_ecumenical_altar_totnotflames,
          kennysheep_big_empty_room, uniq_natasha
D:3:      layout_loops_cross, serial_bayou_pond_a
D:4:      layout_basic, lemuel_temple_firewalk_b, serial_aquarium,
          aquarium_bridge_square [aquarium_subvault_wall,
          aquarium_subvault_bridge, aquarium_subvault_bridge,
          aquarium_subvault_balcony], aquarium_window_1,
          aquarium_window_corridor_1, aquarium_window_2, aquarium_view_2e,
          aquarium_balcony_1b

Skill      XL: |  1  2  3  4  5  6 |
---------------+-------------------+-----
Axes           | 2 3 4 5 |  5.1
Armour         | 4 |  4.7
Fighting       | 4 |  4.3
Shields        | 4 |  4.0

Action                   |  1- 3 |  4- 6 |  7- 9 || total
-------------------------+-------+-------+-------++-------
Melee: War axe           |    71 |   141 |     2 ||   214
  Use: Scroll            |     5 |     5 |       ||    10
Armor: Scale mail        |    48 |    82 |       ||   130
Dodge: Dodged            |    36 |    57 |       ||    93
Block: Buckler           |    18 |    29 |       ||    47

Table legend: (Time is in decaauts)
 A = Elapsed time spent in this place.
 B = Non-inter-level travel time spent in this place.
 C = Inter-level travel time spent in this place.
 D = Time resting spent in this place.
 E = Time spent auto-exploring this place.
 F = Levels seen in this place.
 G = Mean time per level.
                   A        B        C        D        E       F      G
               +--------+--------+--------+--------+--------+-----+--------+
         Total |   3024 |   2950 |     74 |    214 |   2057 |   4 |  756.0 |
       Dungeon |   3024 |   2950 |     74 |    214 |   2057 |   4 |  756.0 |
               +--------+--------+--------+--------+--------+-----+--------+

Top non-repeatable levels by time:
     D:1: 952 daAuts
     D:4: 745 daAuts
     D:2: 700 daAuts
     D:3: 625 daAuts
